 Dungeon Crawl Stone Soup version 0.28-a0-1506-g3893175d92 (webtiles) character file.

Game seed: 12907520821999104547

3453 porpoise the Fighter (level 9, -1/74 HPs)
             Began as a Demonspawn Gladiator on Jan 14, 2022.
             Killed from afar by an acid dragon (16 damage)
             ... with a splash of acid
             ... on level 8 of the Dungeon.
             The game lasted 00:22:04 (9131 turns).

porpoise the Fighter (Demonspawn Gladiator)         Turns: 9131, Time: 00:22:05

Health: -1/74      AC: 18    Str: 19    XL:     9   Next: 78%
Magic:  9/9        EV:  9    Int: 12    God:
Gold:   449        SH:  6    Dex: 15    Spells: 8/8 levels left

rFire   . . .      SeeInvis +   a - +3 trident (venom)
rCold   . . .      Faith    .   q - +1 buckler
rNeg    . . .      Spirit   .   E - +4 chain mail of the Ten of Wands {Str+3}
rPois   .          Reflect  .   c - +0 helmet
rElec   .          Harm     .   (no cloak)
rCorr   .          Rampage  .   e - +0 pair of gloves
Will    .....                   (no boots)
Stlth   ..........              (no amulet)
HPRegen 0.22/turn               l - ring of see invisible
MPRegen 0.11/turn               (no ring)

@: corroded, sanguine armoured
A: hooves 2, sanguine armour 1, demonic magic 1
a: no special abilities


You were on level 8 of the Dungeon.
You visited 2 branches of the dungeon, and saw 9 of its levels.

You collected 449 gold pieces.

Inventory:

Hand Weapons
 a - a +3 trident of venom (weapon)
 b - a +0 hunting sling of chaos
 f - a +0 antimagic trident
 h - a +0 hunting sling
 x - a +2 dagger of electrocution
Missiles
 d - a throwing net (quivered)
 i - 200 stones
 j - 4 boomerangs
 m - 40 bolts
 o - 127 arrows
 p - 49 sling bullets
 B - 9 poisoned darts
Armour
 c - a +0 helmet (worn)
 e - a +0 pair of gloves (worn)
 q - a +1 buckler (worn)
 E - the +4 chain mail of the Ten of Wands (worn) {Str+3}
   (You found it on level 5 of the Dungeon)

   Str:       It affects your strength (+3).
 L - a +2 robe of willpower
Magical Staves
 H - a staff of earth
Jewellery
 g - an amulet of guardian spirit
 l - a ring of see invisible (left hand)
Wands
 v - a wand of iceblast (5)
 A - a wand of mindburst (9)
 G - a wand of paralysis (20)
 K - a wand of flame (20)
Scrolls
 s - a scroll of torment
 t - a scroll of blinking
 u - 4 scrolls of enchant weapon
 C - 5 scrolls of teleportation
Potions
 k - a potion of ambrosia {unknown}
 w - a potion of cancellation {unknown}
 z - 2 potions of curing
 I - a potion of might {unknown}
 M - a potion of haste {unknown}
 N - 2 potions of attraction {unknown}
 Q - a potion of degeneration {unknown}


   Skills:
 * Level 8.1 Fighting
 * Level 6.3 Polearms
 - Level 1.7 Throwing
 - Level 5.0 Armour
 - Level 5.0 Dodging
 - Level 4.0 Shields
 + Level 4.3 Evocations


You had 8 spell levels left.
You didn't know any spells.
Your spell library contained the following spells:

 Spells                   Type           Power      Damage    Failure   Level
 Scorch                   Fire           0%         2d5       100%        2
 Summon Forest            Summ/Tloc      0%         N/A       100%        5
 Summon Mana Viper        Hex/Summ       0%         N/A       100%        5
 Summon Cactus Giant      Summ           0%         N/A       100%        6


Dungeon Overview and Level Annotations

Branches:
Dungeon (8/15)             Temple (1/1) D:6
   Lair: D:8-11

Altars:
Ashenzari
Dithmenos
Elyvilon
Fedhas
Hepliaklqana
Kikubaaqudgha
Okawaru
Sif Muna
Trog
Uskayaw
Wu Jian
Xom
Zin
Lugonu


Innate Abilities, Weirdness & Mutations

You have hoof-like feet.
When seriously injured, your blood forms armour. (AC +6)
Spells you cast may paralyse adjacent enemies.


Message History

You kick the acid dragon, but do no damage.
The acid dragon is lightly wounded.
The acid dragon bites you!
The acid dragon claws you but does no damage.
You hit the acid dragon but do no damage.
The acid dragon is poisoned.
The acid dragon is lightly wounded.
You block the acid dragon's attack. The acid dragon barely misses you.
You closely miss the acid dragon.
The acid dragon is lightly wounded.
You block the acid dragon's attack.
The acid dragon claws you but does no damage.
You barely miss the acid dragon. Your kick misses the acid dragon.
The acid dragon is lightly wounded.
The acid dragon spits acid at you. The splash of acid hits you!!
Your blood congeals into armour.
You hit the acid dragon. You kick the acid dragon.
The acid dragon is heavily wounded.
The acid dragon bites you.
The acid dragon claws you but does no damage.
You closely miss the acid dragon.
The acid dragon is heavily wounded.
The acid dragon spits acid at you. The splash of acid hits you!!
* * * LOW HITPOINT WARNING * * *
You hit the acid dragon but do no damage.
You kick the acid dragon, but do no damage.
The acid dragon is heavily wounded.
You block the acid dragon's attack. x2
You hit the acid dragon but do no damage.
Your kick misses the acid dragon.
The acid dragon is severely wounded.
The acid dragon bites you but does no damage.
The acid dragon claws you.
* * * LOW HITPOINT WARNING * * *
You barely miss the acid dragon.
The acid dragon is severely wounded.
The acid dragon spits acid at you. The splash of acid hits you!
You die...

* *,,,,,*,,,**#....#****,,*,,,,, *
*,,,,,*,,,,,#....#,,*,,,*,,,,, *
*,,,,,*,,,,,#....#,,*,,,^,,,_, *
*,,,,,*,,,,,#....#,,*,,,*,,,,, *
*,,,,,*,,,,,#....#,,*,,,*,,,,,
****,,,,,*,,,,,#<...#,,*,,,*,,,,,
,,,,,,,,,*,,,###....#,,***,****^*
,,,,,,,,,*,,,#......#,,***,,,,,,,
,,,,,,,,,*,,,#..@...+,,,*,,,,,,*,
,,,,,,,,,*,,,#..D...#,,,*,,,,,,*,
,,,,,,,,,*,,,+......#,,,*,,,,,,+,
,,,,,,,,,*,,,#..(...#####*,,,***,
,,,,,,,,,*,,,#..(...#...#*,,,*#**
,,,,,,,,,*,,,#..(...#...#,,,,..,,
*+**,,,,,*,,,#...(..+...#,,,...,,
,,,*,,,,,****#......#...#*,..#*+*
,,,*,,,,,,,,,,,,,,,,#ยงยงยง##...#*,,


You could see an acid dragon (poisoned, catching breath).

Vanquished Creatures
  Pikel (D:7)
  A centaur zombie (D:6)
  Prince Ribbit (D:7)
  Sigmund (D:2)
  A steam dragon (D:6)
  2 orc warriors
  A hornet zombie (D:6)
  A sky beast (D:5)
  2 necrophages
  An ice beast (D:6)
  A black bear (D:6)
  4 ogres
  A centaur (D:6)
  2 lemures (D:7)
  3 scorpions
  2 bullfrogs
  3 electric eels (D:6)
  2 bullfrog zombies (D:6)
  2 orc priests (D:5)
  A jelly (D:5)
  4 hounds
  A centaur skeleton (D:5)
  A gnoll shaman (D:7)
  3 orc wizards (D:4)
  An iguana (D:6)
  Ijyb (D:3)
  A hound skeleton (D:4)
  A mummy (D:7)
  4 gnolls (D:7)
  A howler monkey skeleton (D:7)
  4 adders
  A white imp (D:7)
  2 ufetubi (D:5)
  An adder skeleton (D:4)
  An adder zombie (D:5)
  A dart slug (D:2)
  9 orcs
  10 ball pythons
  7 bats
  4 endoplasms
  5 giant cockroaches
  12 goblins
  6 hobgoblins
  9 jackals
  4 kobolds
  6 quokkas
  3 frilled lizards
  A hobgoblin zombie (D:7)
  A kobold zombie (D:7)
  2 orc zombies (D:7)
  6 rats
146 creatures vanquished.

Vanquished Creatures (others)
  An orc wizard (D:4)
  4 plants (D:6)
  5 toadstools (D:1)
10 creatures vanquished.

Grand Total: 156 creatures vanquished

Notes
Turn   | Place    | Note
-------+----------+-------------------------------------------
     0 | D:1      | porpoise the Demonspawn Gladiator began the quest for the
                  | Orb.
     0 | D:1      | Reached XP level 1. HP: 16/16 MP: 1/1
   282 | D:1      | Found a faded altar of an unknown god.
   468 | D:1      | Gained mutation: You have large cloven feet. [demonic
                  | ancestry]
   468 | D:1      | Reached XP level 2. HP: 22/23 MP: 2/2
  1109 | D:2      | Noticed an ogre
  1112 | D:2      | Noticed Sigmund
  1117 | D:2      | Killed an ogre
  1118 | D:2      | Reached skill level 3 in Fighting
  1118 | D:2      | Reached XP level 3. HP: 22/30 MP: 3/3
  1118 | D:2      | Gained mutation: You have hoof-like feet. [demonic
                  | ancestry]
  1118 | D:2      | Reached XP level 4. HP: 27/37 MP: 4/4
  1123 | D:2      | Killed Sigmund
  1124 | D:2      | Reached skill level 4 in Fighting
  1124 | D:2      | Reached XP level 5. HP: 30/43 MP: 5/5
  1124 | D:2      | Gained mutation: When seriously injured, your blood forms
                  | armour. (AC +6) [demonic ancestry]
  1124 | D:2      | Reached XP level 6. HP: 35/49 MP: 6/6
  1785 | D:3      | Reached skill level 5 in Polearms
  1785 | D:3      | Reached skill level 1 in Shields
  1977 | D:3      | Reached skill level 5 in Fighting
  2141 | D:3      | Noticed Ijyb
  2165 | D:3      | Killed Ijyb
  2333 | D:3      | Found a hide-covered altar of Uskayaw.
  2798 | D:3      | Reached XP level 7. HP: 54/56 MP: 7/7
  2911 | D:4      | Found an iron altar of Okawaru.
  3498 | D:4      | Found a shimmering blue altar of Sif Muna.
  3629 | D:4      | Got Sif Muna's Guide on Heat
  3637 | D:4      | Found a bloodstained altar of Trog.
  3798 | D:4      | Reached skill level 6 in Fighting
  4063 | D:5      | Entered Level 5 of the Dungeon
  4614 | D:5      | Gained mutation: Spells you cast may paralyse adjacent
                  | enemies. [demonic ancestry]
  4614 | D:5      | Reached XP level 8. HP: 64/64 MP: 8/8
  4924 | D:5      | Found a blossoming altar of Fedhas.
  5008 | D:5      | Reached skill level 7 in Fighting
  5242 | D:5      | Identified the +4 chain mail of the Ten of Wands {Str+3}
  5543 | D:5      | Reached skill level 1 in Armour
  5563 | D:5      | Found a hazy altar of Hepliaklqana.
  5615 | D:5      | Reached skill level 1 in Evocations
  5710 | D:6      | Found a staircase to the Ecumenical Temple.
  5737 | Temple   | Entered the Ecumenical Temple
  6501 | D:6      | Reached XP level 9. HP: 65/72 MP: 9/9
  6850 | D:6      | Reached skill level 5 in Dodging
  7612 | D:7      | Noticed Pikel
  7630 | D:7      | Killed Pikel
  7631 | D:7      | Reached skill level 5 in Armour
  8211 | D:7      | Found a shadowy altar of Dithmenos.
  8385 | D:7      | Reached skill level 8 in Fighting
  8498 | D:7      | Noticed Prince Ribbit
  8508 | D:7      | Killed Prince Ribbit
  8915 | D:8      | Noticed a rime drake
  8917 | D:8      | Noticed a rime drake
  9131 | D:8      | Killed from afar by an acid dragon

Illustrated notes

Levels and vault maps discovered:
D:1:      ncdulo_smallfort, layout_loops_cross, ebering_ecumenical_altar_box,
          minmay_gold_behind_fungi, minmay_misc_feat_pillars,
          corexii_hall_statues_l
D:2:      layout_rooms, uniq_sigmund
D:3:      kennysheep_the_goblin_king, layout_loops_ring, lemuel_crystal_altar,
          st_stairs_11
D:4:      layout_basic, nzn_overflow_gifts_of_might_and_magic,
          okawaru_gym_becter
D:5:      layout_loops_ring, nicolae_hepliaklqana_hippocampus,
          mainiacjoe_overflow_six_doors_small, st_stairs_4
D:6:      layout_layer_cave, minmay_temple_entry_overgrown, chequers_jeans,
          kennysheep_nondescript, minmay_misc_feat_five, serial_bayou_lagoon_b
D:7:      layout_gridville, overflow_temple_1_default, grunt_ministairs_7,
          hangedman_decor_riveting, minmay_mini_ossuary, uniq_pikel,
          uniq_prince_ribbit1
D:8:      layout_gridville, lemuel_tele_altar, nicolae_overflow_hidden_temple,
          kennysheep_mini_moat, lemuel_doored_altar, nicolae_gozag_seed_capital,
          hellmonk_guarded_unrand_zhor
Temple:   corrupted_temple

Skill      XL: |  1  2  3  4  5  6  7  8  9 |
---------------+----------------------------+-----
Polearms       | 3 4 5 6 |  6.3
Fighting       | 3 4 5 6 7 8 |  8.1
Shields        | 1 3 4 |  4.0
Armour         | 3 5 |  5.0
Dodging        | 4 5 |  5.0
Evocations     | 2 4 |  4.3
Throwing       | |  1.7

Action                   |  1- 3 |  4- 6 |  7- 9 || total
-------------------------+-------+-------+-------++-------
Melee: Trident           |    85 |   104 |   253 ||   442
       Kick              |     6 |    21 |    59 ||    86
 Fire: Hunting sling     |       |    23 |    72 ||    95
Throw: Throwing net      |     1 |     1 |       ||     2
Evoke: Wand              |       |       |     4 ||     4
  Use: Scroll            |       |       |    13 ||    13
 Stab: Sleeping          |     1 |       |       ||     1
       Held in net/web   |     2 |       |       ||     2
Armor: Scale mail        |    25 |    35 |    19 ||    79
       Chain mail        |       |       |   108 ||   108
Dodge: Dodged            |    33 |    36 |    87 ||   156
Block: Buckler           |       |     7 |    48 ||    55

Table legend: (Time is in decaauts)
 A = Elapsed time spent in this place.
 B = Non-inter-level travel time spent in this place.
 C = Inter-level travel time spent in this place.
 D = Time resting spent in this place.
 E = Time spent auto-exploring this place.
 F = Levels seen in this place.
 G = Mean time per level.
                   A        B        C        D        E       F      G
               +--------+--------+--------+--------+--------+-----+--------+
         Total |   9173 |   8678 |    495 |   3159 |   4110 |   9 | 1019.2 |
       Dungeon |   9126 |   8643 |    483 |   3159 |   4083 |   8 | 1140.8 |
        Temple |     46 |     34 |     12 |      0 |     26 |   1 |   46.0 |
               +--------+--------+--------+--------+--------+-----+--------+

Top non-repeatable levels by time:
     D:6: 1825 daAuts
     D:5: 1491 daAuts
     D:4: 1443 daAuts
     D:7: 1250 daAuts
     D:3: 1153 daAuts
     D:1: 969 daAuts
     D:2: 794 daAuts
     D:8: 199 daAuts
  Temple: 46 daAuts
